 Dungeon Crawl Stone Soup version 0.27-a0-1557-g57f10a385c (webtiles) character file.

Game seed: 15930622652126970419

42 bande the Covered (level 3, 0/23 HPs)
             Began as a Gargoyle Fighter on July 16, 2021.
             Slain by a gnoll (8 damage)
             ... on level 2 of the Dungeon.
             The game lasted 00:01:28 (1273 turns).

bande the Covered (Gargoyle Fighter)                Turns: 1273, Time: 00:01:28

Health: 0/23       AC: 14    Str: 19    XL:     3   Next: 56%
Magic:  3/3        EV:  7    Int:  8    God:
Gold:   55         SH:  9    Dex: 10    Spells: 2/2 levels left

rFire    . . .     SeeInvis .   a - +0 war axe
rCold    . . .     Faith    .   c - +0 kite shield
rNeg     + + .     Spirit   .   b - +0 scale mail
rPois    ∞         Reflect  .   (no helmet)
rElec    +         Harm     .   (no cloak)
rCorr    .         Rampage  .   (no gloves)
Will     .....                  (no boots)
Stlth    ..........             k - amulet of regeneration
HPRegen  1.07/turn              e - +4 ring of protection
MPRegen  0.08/turn              g - ring of positive energy

@: no status effects
A: sickness immunity, AC +3, negative energy resistance 1, electricity
resistance, torment resistance 1, petrification resistance
a: no special abilities


You were on level 2 of the Dungeon.
You visited 1 branch of the dungeon, and saw 2 of its levels.

You collected 55 gold pieces.

Inventory:

Hand Weapons
 a - a +0 war axe (weapon)
Armour
 b - a +0 scale mail (worn)
 c - a +0 kite shield (worn)
Jewellery
 e - a +4 ring of protection (left hand)
 g - a ring of positive energy (right hand)
 k - an amulet of regeneration (around neck)
 l - a ring of fire
Potions
 d - a potion of might
 f - a potion of flight


   Skills:
 + Level 3.6 Fighting
 + Level 2.4 Axes
 + Level 3.7 Armour
 + Level 3.6 Shields


You had 2 spell levels left.
You didn't know any spells.
Your spell library was empty.

Dungeon Overview and Level Annotations

Branches:
Dungeon (2/15)

Altars:


Innate Abilities, Weirdness & Mutations

You are immune to sickness and miasma.
Your stone body is resilient. (AC +3)
You are immune to poison.
You resist negative energy. (rN+)
You are resistant to electric shocks. (rElec)
You are resistant to unholy torment.
You are immune to petrification.


Message History

Found a stone staircase leading up.
A goblin and a gnoll come into view.
The goblin shouts!
The gnoll shouts!
You hear a shout!
A gnoll comes into view. It is wielding a +0 whip.
You hear a shout!
The gnoll shouts!
The goblin hits you but does no damage.
There is a stone staircase leading up here.
You closely miss the goblin.
A gnoll comes into view.
It is wielding a +1 whip of electrocution.
The goblin barely misses you. The goblin hits you but does no damage.
You barely miss the goblin. The goblin hits you but does no damage.
You hit the gnoll.
The gnoll is moderately wounded.
You miss the goblin. You block the gnoll's attack.
The goblin hits you with a +0 club. The goblin hits you but does no damage.
You closely miss the gnoll.
The gnoll is moderately wounded.
You closely miss the goblin. You block the gnoll's attack.
The goblin hits you but does no damage. The gnoll hits you but does no damage.
The gnoll hits you with a +0 whip.
You barely miss the gnoll.
The gnoll is moderately wounded.
You hit the goblin. You hit the gnoll but do no damage.
The goblin hits you with a +0 club. The goblin barely misses you.
You hit the goblin.
You kill the goblin!
Your shield prevents you from hitting the gnoll.
You hit the gnoll.
The gnoll hits you but does no damage. x2
The gnoll hits you with a +0 whip. The gnoll hits you but does no damage.
You slash the gnoll!
You kill the gnoll!
You slash the gnoll! You hit the gnoll.
The gnoll hits you with a +1 whip of electrocution!
The gnoll hits you but does no damage. x2
A gnoll comes into view. It is wielding a +0 club.
The gnoll hits you but does no damage.
The gnoll hits you with a +1 whip of electrocution.
The gnoll hits you with a +0 whip!
You die...

###...#.###.#.#**,**,**
#.......# *..#* **,,,,***
#.#.....###.#.#**,,,,,,,,
#...........##.#>,,*****,
#.#.....#.###*..,,,* *,
#.#....##.####..#.,* *,
#......##.........,* *,
#.#...###.####..##,*****,
#......g@.#***,,**,,,,,,,
##.....)g.......*****,*** ***
#...###########* *,* ,,* #..,*
*,* *,* #,,,* *,* *,**
*,,,*********** *,*
,,,*******,,,,,,,,,,,,,******,*
,,,,,,,,,,,,,,,,,,****,,,,,,,,*
,,,****,,*,*,****,* **********


You could see 2 gnolls.

Vanquished Creatures
  A gnoll (D:2)
  A worm (D:2)
  5 bats (D:1)
  An endoplasm (D:2)
  A giant cockroach (D:1)
  6 goblins
  3 hobgoblins (D:1)
  A kobold (D:1)
  6 ball pythons
  A rat (D:2)
26 creatures vanquished.

Notes
Turn   | Place    | Note
-------+----------+-------------------------------------------
     0 | D:1      | bande the Gargoyle Fighter began the quest for the Orb.
     0 | D:1      | Reached XP level 1. HP: 14/14 MP: 1/1
   375 | D:1      | Reached XP level 2. HP: 19/19 MP: 2/2
  1129 | D:2      | Reached XP level 3. HP: 23/23 MP: 3/3
  1273 | D:2      | Slain by a gnoll

Illustrated notes

Levels and vault maps discovered:
D:1:      heliophobic_arrival_ceremonial_halls, layout_basic, minivault_11,
          minmay_misc_feat_encased, chequers_serial_rivers_micro_b,
          hangedman_abyss_or_decor_lesser_grid, minmay_misc_feat_chi
D:2:      minmay_wonky_spiral, layout_loops_ring, minmay_3d_cube

Skill      XL: |  1  2 |
---------------+-------+-----
Axes           | 2 |  2.4
Fighting       | |  3.6
Armour         | |  3.7
Shields        | |  3.6

Action                   || total
-------------------------++-------
Melee: War axe           ||    62
  Use: Scroll            ||     4
Armor: Scale mail        ||    47
Dodge: Dodged            ||    22
Block: Kite shield       ||    41

Table legend: (Time is in decaauts)
 A = Elapsed time spent in this place.
 B = Non-inter-level travel time spent in this place.
 C = Inter-level travel time spent in this place.
 D = Time resting spent in this place.
 E = Time spent auto-exploring this place.
 F = Levels seen in this place.
 G = Mean time per level.
                   A        B        C        D        E       F      G
               +--------+--------+--------+--------+--------+-----+--------+
         Total |   1311 |   1311 |      0 |      0 |   1099 |   2 |  655.5 |
       Dungeon |   1311 |   1311 |      0 |      0 |   1099 |   2 |  655.5 |
               +--------+--------+--------+--------+--------+-----+--------+

Top non-repeatable levels by time:
     D:1: 1148 daAuts
     D:2: 162 daAuts
